AoeStats
← GerryPrime

Arabia

508913926Analyzed
2v2 RM · 7d ago on Sep 24, 2026· 31m 1s· 4 players
Game mode
Random Map
Map size
Medium (4 player)
Population
200
Speed
Normal
Resources
Standard
Victory
Conquest
Starting age
Dark Age
Ending age
Imperial Age
RankedLock teamsTeams togetherTeam positionsShared explorationLock speedFull tech treeHidden civsTurbo modeCheats
Victory
Defeat
🇹🇷 Inca · Türkiye
1083
+12
🇹🇷 Goths · Türkiye
860
+22
🇪🇸 Italians · Spain
1027
-18
🇹🇼 Bohemians · Taiwan
957
-16
RainyNight
9:56 Feudal Age
9:20 Loom
11:26 Double-Bit Axe
11:06 Champi Runner
11:33 Arson
14:07 Forging
14:26 Scale Mail Armor
16:04 Wheelbarrow
19:14 Horse Collar
24:25 Castle Age
23:20 Gold Mining
23:22 Stone Mining
25:10 Squires
24:31 Champi Warrior
25:50 Iron Casting
24:56 Pikeman
27:07 Gold Shaft Mining
28:16 Hand Cart
29:30 Chain Mail Armor
30:55 Bow Saw
Router
0:28 Loom
10:41 Feudal Age
12:29 Wheelbarrow
11:51 Double-Bit Axe
11:50 Horse Collar
18:23 Castle Age
18:00 Stone Mining
18:06 Gold Mining
18:34 Gold Mining
19:23 Hand Cart
19:24 Bow Saw
19:33 Hand Cart
19:48 Pikeman
20:56 Heavy Plow
23:16 Stone Shaft Mining
27:20 Squires
28:23 Anarchy
29:00 Forging
28:51 Scale Mail Armor
29:05 Fletching
30:47 Bodkin Arrow
30:43 Town Watch
Longoooooo
4:08 Loom
10:40 Feudal Age
13:18 Wheelbarrow
19:48 Castle Age
26:08 Double-Bit Axe
GerryPrime
7:24 Loom
9:45 Feudal Age
10:19 Double-Bit Axe
18:30 Castle Age
17:13 Horse Collar
19:36 Bow Saw
19:29 Heavy Plow
19:23 Gold Mining
21:40 Elite Skirmisher
25:55 Fletching
26:05 Padded Archer Armor
26:56 Bloodlines
26:47 Husbandry
32:38 Imperial Age
Connection lost

Rejoining the realm…

Still unreachable

The connection could not be restored.

Session expired

The server has moved on; the page needs a fresh start.